[Event "Titled Tuesday Blitz March 07 Late 2023"]
[White "Senft, Sean"]
[Black "Cueto, Jonny"]
[WhiteFideId "2044960"]
[BlackFideId "3300145"]
[WhiteElo "1989"]
[BlackElo "2234"]
[Result "1-0"]
[Round "05"]
[TimeControl "180+2"]
[Date "2023.03.07"]
[WhiteClock "0:01:32"]
[BlackClock "0:00:15"]

1. e4 e6 2. d4 d5 3. exd5 exd5 4. Nf3 Bd6 5. Bd3 Ne7 6. O-O Bg4 7. c3 Nbc6 8. Bg5 f6 9. Bh4 Qd7 10. Nbd2 O-O-O 11. b4 Nf5 12. Bxf5 Qxf5 13. a4 h5 14. a5 g5 15. Bg3 h4 16. Bxd6 Rxd6 17. b5 Nb8 18. b6 cxb6 19. axb6 a6 20. c4 h3 21. g3 Re8 22. cxd5 Qxd5 23. Ra3 Nc6 24. Qa4 Re2 25. Qc4 Qf5 26. Qxe2 Re6 27. Qd3 Qd5 28. Qc4 Qf5 29. d5 Rd6 30. dxc6 Rxc6 31. Qg8+ Kd7 32. Rd3+ Ke7 33. Re1+ Re6 34. Rxe6+ Qxe6 35. Qxe6+ Bxe6 36. Re3 1-0


[Site "https://www.chess.com"]

[Event "Titled Tuesday Blitz March 07 Late 2023"]
[White "Garcia Almaguer, Juan Manuel"]
[Black "Ardila, Oscar Humberto"]
[WhiteFideId "5110491"]
[BlackFideId "4404742"]
[WhiteElo "2117"]
[BlackElo "1911"]
[Result "1/2-1/2"]
[Round "05"]
[TimeControl "180+2"]
[Date "2023.03.07"]
[WhiteClock "0:00:31"]
[BlackClock "0:00:07"]

1. e4 e5 2. Nf3 Nf6 3. Nxe5 d6 4. Nf3 Nxe4 5. Nc3 Nxc3 6. dxc3 Be7 7. Qd5 O-O 8. Bd3 Nd7 9. Bg5 Nf6 10. Bxf6 Bxf6 11. O-O-O c6 12. Qh5 g6 13. Qh6 Bg7 14. Qf4 Qa5 15. Kb1 Be6 16. a3 Qd5 17. c4 Qc5 18. h4 Qb6 19. b3 d5 20. h5 dxc4 21. Bxc4 Bxc4 22. Qxc4 Qb5 23. Qxb5 cxb5 24. Rd7 b6 25. Rhd1 a5 26. R1d6 b4 27. a4 b5 28. axb5 a4 29. Nd4 axb3 30. cxb3 Rab8 31. b6 Bxd4 32. Rxd4 Rxb6 33. Rc7 gxh5 34. Rc5 Re8 35. Rxh5 Re2 36. Rg5+ Kf8 37. Rf5 Rh6 38. Rd8+ Kg7 39. Rd1 Rh2 40. Rg1 Rh6 41. Rf4 Rd6 42. Rg4+ Kf6 43. Rf4+ Kg5 44. Rxb4 Rdd2 45. Rc4 Rb2+ 46. Kc1 Ra2 47. f4+ Kg4 48. Kb1 Rab2+ 49. Kc1 Ra2 50. Kb1 Rab2+ 51. Kc1 Ra2 1/2-1/2


[Site "https://www.chess.com"]

[Event "Titled Tuesday Blitz March 07 Late 2023"]
[White "Chemin, Justo Reinaldo"]
[Black "Carrasco Miranda, Andres"]
[WhiteFideId "2101580"]
[BlackFideId "3405990"]
[WhiteElo "1940"]
[BlackElo "2183"]
[Result "0-1"]
[Round "05"]
[TimeControl "180+2"]
[Date "2023.03.07"]
[WhiteClock "0:00:08"]
[BlackClock "0:00:05"]

1. e4 c5 2. Nf3 d6 3. d4 cxd4 4. Nxd4 Nf6 5. Nc3 a6 6. h3 e5 7. Nde2 h5 8. Bg5 Nbd7 9. Qd2 b5 10. a3 Bb7 11. f3 Be7 12. h4 Nb6 13. Ng3 g6 14. O-O-O Nc8 15. f4 Qc7 16. f5 Ng4 17. Bxe7 Qxe7 18. Bd3 Nb6 19. Rdf1 O-O-O 20. Kb1 d5 21. exd5 Nxd5 22. Nxd5 Bxd5 23. Qc3+ Qc7 24. Qxc7+ Kxc7 25. Be4 Ne3 26. Rf2 Bxe4 27. Nxe4 Nxf5 28. Ng5 Rd7 29. Re1 f6 30. Ne4 Rf8 31. Nc5 Rd4 32. Nxa6+ Kd6 0-1


[Site "https://www.chess.com"]

[Event "Titled Tuesday Blitz March 07 Late 2023"]
[White "sissahungrychess"]
[Black "Ramirez, Maria Eugenia"]
[BlackFideId "3301680"]
[WhiteElo "2379"]
[BlackElo "1842"]
[Result "0-1"]
[Round "05"]
[TimeControl "180+2"]
[Date "2023.03.07"]
[WhiteClock "0:00:05"]
[BlackClock "0:00:12"]

1. c4 Nf6 2. g3 e6 3. Bg2 c6 4. Nf3 d5 5. O-O Be7 6. Qc2 O-O 7. d4 Nbd7 8. Nbd2 Re8 9. e4 dxe4 10. Nxe4 Nf8 11. Nc3 Ng6 12. Rd1 Qc7 13. h4 Rb8 14. b3 a6 15. Ne4 b5 16. Nxf6+ gxf6 17. c5 e5 18. h5 Nf8 19. Bb2 Bg4 20. dxe5 f5 21. Nd4 Ne6 22. Nxf5 Bxd1 23. Rxd1 Bxc5 24. Qe4 Rbd8 25. Rc1 Rd2 26. Rxc5 Rxb2 27. Rxc6 Qd7 28. Rd6 Qa7 29. Qf3 Qc5 30. Rxe6 Rxe6 31. Kh2 Qxe5 32. h6 Kf8 33. Bh3 Qe2 34. Qa8+ Re8 35. Qd5 Qxf2+ 36. Bg2 Rd2 37. Qc6 Qxg2+ 38. Qxg2 Rxg2+ 39. Kxg2 Re5 40. Kf3 Rxf5+ 0-1


[Site "https://www.chess.com"]

[Event "Titled Tuesday Blitz March 07 Late 2023"]
[White "Rios Escobar, Adan"]
[Black "Dorato, Adriano"]
[WhiteFideId "3403645"]
[BlackFideId "2802894"]
[WhiteElo "2373"]
[BlackElo "1709"]
[Result "1-0"]
[Round "05"]
[TimeControl "180+2"]
[Date "2023.03.07"]
[WhiteClock "0:00:16"]
[BlackClock "0:00:01"]

1. d4 d5 2. g3 e6 3. c4 Be7 4. Nf3 b6 5. cxd5 exd5 6. Bg2 Bb7 7. O-O Nf6 8. Nc3 O-O 9. Bf4 Nbd7 10. Rc1 Re8 11. Nb5 c6 12. Nc7 Nf8 13. Nxe8 Qxe8 14. Bh3 Ng6 15. Bg5 h6 16. Bxf6 Bxf6 17. e3 Qe7 18. Qd2 h5 19. b4 h4 20. Bf5 hxg3 21. hxg3 Nf8 22. Kg2 g6 23. Bd3 Kg7 24. Rh1 Ne6 25. a4 Ng5 26. Nxg5 Bxg5 27. Qb2 Re8 28. Rce1 c5 29. bxc5 bxc5 30. Bb5 Qe4+ 31. f3 Qf5 32. Bxe8 cxd4 33. exd4 Ba6 34. Re5 Qf6 35. f4 Bxf4 36. Qf2 Bxe5 37. dxe5 Qxe5 38. Qxf7# 1-0


[Site "https://www.chess.com"]

[Event "Titled Tuesday Blitz March 07 Late 2023"]
[White "Rego, Pedro Filipe"]
[Black "Jesusesmifuerza"]
[WhiteFideId "1904310"]
[WhiteElo "2193"]
[BlackElo "2057"]
[Result "1-0"]
[Round "05"]
[TimeControl "180+2"]
[Date "2023.03.07"]
[WhiteClock "0:02:09"]
[BlackClock "0:01:50"]

1. c4 e6 2. Nf3 d5 3. b3 Nf6 4. Bb2 Be7 5. e3 O-O 6. Be2 c5 7. cxd5 exd5 8. d4 Nc6 9. O-O Bg4 10. dxc5 Bxc5 11. h3 Bxf3 12. Bxf3 Ne4 13. Bxe4 dxe4 14. Qg4 f6 15. Qxe4 Re8 16. Qc4+ 1-0


[Site "https://www.chess.com"]

[Event "Titled Tuesday Blitz March 07 Late 2023"]
[White "Rian, Kapriaga"]
[Black "Desideri, Ricardo Maruchi"]
[WhiteFideId "7103263"]
[BlackFideId "2110440"]
[WhiteElo "2358"]
[BlackElo "1945"]
[Result "1-0"]
[Round "05"]
[TimeControl "180+2"]
[Date "2023.03.07"]
[WhiteClock "0:01:14"]
[BlackClock "0:00:08"]

1. d4 Nf6 2. Nf3 d6 3. Nc3 g6 4. Bf4 Bg7 5. e3 O-O 6. Be2 Nc6 7. h4 Re8 8. h5 Nxh5 9. Rxh5 gxh5 10. Qd2 e5 11. Bg3 e4 12. Ng1 Qg5 13. O-O-O h4 14. Bf4 Qa5 15. Nh3 Bxh3 16. gxh3 Kh8 17. Rg1 a6 18. Bc4 Re7 19. Nd5 Qxd2+ 20. Kxd2 Rd7 21. Rg4 b5 22. Bb3 Na5 23. Rxh4 Nxb3+ 24. axb3 a5 25. Bg5 a4 26. bxa4 bxa4 27. Bf6 a3 28. bxa3 Rxa3 29. Rg4 Bxf6 30. Nxf6 Rd8 31. h4 c5 32. d5 c4 33. h5 c3+ 34. Ke2 Ra2 35. h6 Rxc2+ 36. Kf1 Rc1+ 37. Kg2 c2 38. Rg7 Rg1+ 39. Kxg1 c1=Q+ 40. Kg2 1-0


[Site "https://www.chess.com"]

[Event "Titled Tuesday Blitz March 07 Late 2023"]
[White "Needleman, Gaston"]
[Black "tandercat"]
[WhiteFideId "113735"]
[WhiteElo "2358"]
[BlackElo "1908"]
[Result "1-0"]
[Round "05"]
[TimeControl "180+2"]
[Date "2023.03.07"]
[WhiteClock "0:00:26"]
[BlackClock "0:00:01"]

1. e4 c5 2. Nf3 Nc6 3. d4 cxd4 4. Nxd4 e5 5. Nb5 d6 6. c4 Be7 7. Be2 f5 8. N1c3 Nf6 9. exf5 a6 10. Na3 Bxf5 11. O-O O-O 12. Be3 Kh8 13. Nc2 Qe8 14. Nd5 Rd8 15. b4 Bxc2 16. Qxc2 Nxd5 17. cxd5 Nxb4 18. Qb3 a5 19. a3 Na6 20. Qxb7 Nc5 21. Bxc5 dxc5 22. Bb5 Qf7 23. Bc6 Bd6 24. Qa6 Qc7 25. Rab1 Rb8 26. Rxb8 Rxb8 27. g3 h6 28. Re1 c4 29. Qxc4 Bxa3 30. Qe4 Bd6 31. Qg6 Bb4 32. Rb1 Qd6 33. Qe4 Bc3 34. Rxb8+ Qxb8 35. Qg6 Bb4 36. Bd7 Qd6 37. Be6 Qf8 38. Bf5 Qg8 39. d6 1-0


[Site "https://www.chess.com"]

[Event "Titled Tuesday Blitz March 07 Late 2023"]
[White "Burke, Paul"]
[Black "Kujawski, Adam"]
[WhiteFideId "2605767"]
[BlackFideId "1100920"]
[WhiteElo "1902"]
[BlackElo "2054"]
[Result "0-1"]
[Round "05"]
[TimeControl "180+2"]
[Date "2023.03.07"]
[WhiteClock "0:02:09"]
[BlackClock "0:00:54"]

1. e4 e5 2. Nf3 Nc6 3. Bc4 Nf6 4. d4 exd4 5. O-O Nxe4 6. Re1 d5 7. Bxd5 Qxd5 8. Nc3 Qa5 9. Nxe4 Be6 10. Neg5 O-O-O 11. Nxe6 fxe6 12. Bg5 Re8 13. Nxd4 Qxg5 14. Nxc6 bxc6 15. Qe2 Qb5 16. c4 Qf5 17. a3 Bc5 18. b4 Bd4 19. Rad1 e5 20. b5 Rhf8 21. Rf1 c5 22. Qc2 Qxc2 0-1


[Site "https://www.chess.com"]

[Event "Titled Tuesday Blitz March 07 Late 2023"]
[White "Jovic, Stanoje"]
[Black "ritanovikova"]
[WhiteFideId "905020"]
[WhiteElo "2236"]
[BlackElo "2125"]
[Result "1-0"]
[Round "05"]
[TimeControl "180+2"]
[Date "2023.03.07"]
[WhiteClock "0:00:10"]
[BlackClock "0:00:10"]

1. c4 c5 2. g3 Nc6 3. Bg2 d6 4. Nc3 Nf6 5. Nf3 g6 6. O-O Bg7 7. d4 O-O 8. dxc5 dxc5 9. Bf4 a6 10. Na4 Qa5 11. Bd2 Qc7 12. Nxc5 Na5 13. Bb4 Nxc4 14. Rc1 b5 15. b3 a5 16. bxc4 axb4 17. cxb5 Qb6 18. Nd4 Rxa2 19. Qb3 Rd2 20. Qxb4 Ne4 21. Nxe4 Rxd4 22. Qxe7 Qxb5 23. Nf6+ Bxf6 24. Qxf6 Rc4 25. e3 Be6 26. Rxc4 Qxc4 27. h4 h5 28. Qd4 Qxd4 29. exd4 Rd8 30. d5 Bf5 31. Rd1 Rd6 32. f4 Kg7 33. Kf2 Kf6 34. Ke3 Ke7 35. Ra1 Rb6 36. Rc1 Rb3+ 37. Kd4 Bd7 38. Rc3 Rb2 39. Be4 Kd6 40. Ra3 Rb4+ 41. Ke3 Rb6 42. Rc3 Ra6 43. Rb3 Bc8 44. Rb4 Ra3+ 45. Kd4 Rxg3 46. Rb6+ Ke7 47. d6+ Kd8 48. Rb8 Kd7 49. Rb6 Rg1 50. Bd3 Rd1 51. Ke3 Re1+ 52. Kd4 Rd1 53. Ke3 Re1+ 54. Kd2 Rh1 55. Bb5+ Kd8 56. Rb8 Rh2+ 57. Ke3 Rh3+ 58. Kd4 Rh1 59. d7 Rd1+ 60. Ke5 Rxd7 61. Bxd7 Kxd7 62. Rxc8 Kxc8 63. Kf6 Kd7 64. Kxf7 Kd6 65. Kxg6 Ke6 66. Kxh5 Kf5 67. Kh6 Kf6 68. h5 Kf7 69. Kg5 Kg7 70. h6+ Kh7 71. f5 Kg8 72. f6 Kf7 73. Kf5 Kf8 74. Ke6 Kg8 75. h7+ Kxh7 76. f7 Kg7 77. Ke7 1-0


[Site "https://www.chess.com"]

[Event "Titled Tuesday Blitz March 07 Late 2023"]
[White "Sarkar, Justin"]
[Black "Sailer, Mike"]
[WhiteFideId "2010011"]
[BlackFideId "2012901"]
[WhiteElo "2189"]
[BlackElo "2109"]
[Result "1/2-1/2"]
[Round "05"]
[TimeControl "180+2"]
[Date "2023.03.07"]
[WhiteClock "0:00:04"]
[BlackClock "0:00:21"]

1. d4 d5 2. c4 Bf5 3. cxd5 Bxb1 4. Rxb1 Qxd5 5. e3 Nc6 6. Bd2 O-O-O 7. b4 e5 8. b5 Nce7 9. Nf3 exd4 10. Nxd4 Nf6 11. f3 Nf5 12. Nxf5 Qxf5 13. e4 Qd7 14. Bc3 Qe6 15. Qa4 Kb8 16. Qc4 Qb6 17. Be2 Bc5 18. g3 Bf2+ 19. Kf1 Qe3 20. Kg2 h5 21. Rhf1 Bxg3 22. hxg3 h4 23. g4 Nxg4 24. fxg4 Qg3+ 25. Kh1 Qh3+ 26. Kg1 Qg3+ 27. Kh1 Qh3+ 28. Kg1 Qg3+ 29. Kh1 1/2-1/2


[Site "https://www.chess.com"]

[Event "Titled Tuesday Blitz March 07 Late 2023"]
[White "Perske, Thore"]
[Black "Kho, Darrell"]
[WhiteFideId "12902195"]
[BlackFideId "1019317"]
[WhiteElo "2336"]
[BlackElo "2165"]
[Result "1-0"]
[Round "05"]
[TimeControl "180+2"]
[Date "2023.03.07"]
[WhiteClock "0:01:10"]
[BlackClock "0:00:02"]

1. e4 e6 2. d4 d5 3. Nd2 Be7 4. Bd3 c5 5. dxc5 Nf6 6. Qe2 Nc6 7. Ngf3 Bxc5 8. O-O dxe4 9. Nxe4 Nxe4 10. Qxe4 Qd5 11. Qxd5 exd5 12. Re1+ Be6 13. Be3 d4 14. Bd2 O-O-O 15. Ng5 Bd5 16. Bf4 Bd6 17. Bxd6 Rxd6 18. a3 f6 19. Ne4 Bxe4 20. Rxe4 Ne5 21. Rd1 Nxd3 22. Rxd3 Rhd8 23. Kf1 Rc6 24. Rd2 Rd7 25. Ke2 Rb6 26. b3 Rbd6 27. Kd3 Kc7 28. Rde2 Kc6 29. Re7 Kd5 30. Rxd7 Rxd7 31. Re4 Kc5 32. Re8 a5 33. Ra8 b6 34. Rc8+ Kd5 35. b4 axb4 36. axb4 h6 37. Re8 Rd6 38. Re4 Kc6 39. Rxd4 Re6 40. c4 Re1 41. Re4 Rh1 42. h4 Rh2 43. Rg4 g5 44. hxg5 fxg5 45. Ke4 Rh1 46. Kf5 Rf1 47. f3 Rb1 48. c5 bxc5 49. bxc5 Kxc5 50. Kg6 Rb6+ 51. Kh5 Kd5 52. Re4 Rc6 53. Re8 Rf6 54. Rh8 Ke5 55. Rxh6 Rxh6+ 56. Kxh6 Kf4 57. Kh5 1-0


[Site "https://www.chess.com"]

[Event "Titled Tuesday Blitz March 07 Late 2023"]
[White "Pasti, Aron"]
[Black "Sabar, Ethmane Daouda"]
[WhiteFideId "785857"]
[BlackFideId "19600097"]
[WhiteElo "2173"]
[BlackElo "1950"]
[Result "0-1"]
[Round "05"]
[TimeControl "180+2"]
[Date "2023.03.07"]
[WhiteClock "0:00:34"]
[BlackClock "0:00:32"]

1. e4 e5 2. Nf3 Nc6 3. c3 d5 4. Bb5 dxe4 5. Nxe5 Ne7 6. Nxc6 Nxc6 7. O-O Bd7 8. Re1 f5 9. d3 Qe7 10. dxe4 fxe4 11. Nd2 Bf5 12. Qa4 O-O-O 13. Bxc6 bxc6 14. Qxc6 Qc5 15. Qa6+ Kb8 16. Nxe4 Bxe4 17. Be3 Bb7 18. Qa4 Qc6 19. Qxa7+ Kc8 20. f3 Bd6 21. Kh1 Rhf8 22. Bg5 Rxf3 23. Bxd8 Rf1+ 24. Rxf1 Qxg2# 0-1


[Site "https://www.chess.com"]

[Event "Titled Tuesday Blitz March 07 Late 2023"]
[White "Pino Perez, Lazaro"]
[Black "Bongo Akanga Ndjila, Barthelemy"]
[WhiteFideId "3517055"]
[BlackFideId "10609431"]
[WhiteElo "2170"]
[BlackElo "1768"]
[Result "1-0"]
[Round "05"]
[TimeControl "180+2"]
[Date "2023.03.07"]
[WhiteClock "0:02:03"]
[BlackClock "0:01:51"]

1. d4 d5 2. Bf4 e6 3. e3 Nf6 4. Nf3 Bd6 5. Nbd2 O-O 6. c3 c5 7. Bd3 Qc7 8. Bxd6 Qxd6 9. Ne5 b6 10. f4 Bb7 11. Qf3 Nc6 12. g4 Ne7 13. g5 Ne4 14. Nxe4 dxe4 15. Bxe4 Bxe4 16. Qxe4 cxd4 17. exd4 b5 18. h4 f6 19. gxf6 Rxf6 20. Qxa8+ 1-0


[Site "https://www.chess.com"]

[Event "Titled Tuesday Blitz March 07 Late 2023"]
[White "Winkels, Marcel"]
[Black "Tyagi, Kushan"]
[WhiteFideId "1003887"]
[BlackFideId "2040069"]
[WhiteElo "1900"]
[BlackElo "2371"]
[Result "0-1"]
[Round "05"]
[TimeControl "180+2"]
[Date "2023.03.07"]
[WhiteClock "0:00:01"]
[BlackClock "0:00:09"]

1. d4 c5 2. d5 e5 3. Nc3 d6 4. e4 a6 5. f4 exf4 6. Bxf4 Be7 7. Nf3 Bg4 8. Be2 Bxf3 9. Bxf3 Bg5 10. Bg3 Bh4 11. Qd2 Nd7 12. O-O-O Bg5 13. Bf4 h6 14. h4 Bxf4 15. Qxf4 Ne5 16. h5 Qg5 17. Qxg5 hxg5 18. Na4 b5 19. Nc3 Nf6 20. Rde1 Ke7 21. Nd1 g4 22. Be2 Rxh5 23. Ne3 g6 24. Rxh5 gxh5 25. Nf5+ Kd7 26. Bd1 Rh8 27. Ng3 h4 28. Nf1 h3 29. gxh3 Rxh3 30. Ne3 g3 31. Rg1 Nxe4 32. Nf5 Rh2 33. c3 g2 34. Ne3 Nd3+ 35. Kc2 Nf4 36. Ng4 Rh1 37. Rxg2 Nxg2 38. Bf3 Rg1 39. Bxe4 Ne1+ 40. Kd2 Ng2 0-1


[Site "https://www.chess.com"]

[Event "Titled Tuesday Blitz March 07 Late 2023"]
[White "Smith, Garrett L"]
[Black "Michalski, Olaf"]
[WhiteFideId "2024829"]
[BlackFideId "1106740"]
[WhiteElo "2256"]
[BlackElo "2173"]
[Result "1-0"]
[Round "05"]
[TimeControl "180+2"]
[Date "2023.03.07"]
[WhiteClock "0:01:02"]
[BlackClock "0:00:03"]

1. e4 c5 2. a3 e6 3. b4 cxb4 4. axb4 Bxb4 5. Bb2 Nf6 6. e5 Nd5 7. c4 Ne7 8. Qg4 Nf5 9. Nf3 O-O 10. Bd3 g6 11. Nc3 h5 12. Qf4 d6 13. Bxf5 exf5 14. Nd5 dxe5 15. Qh6 Nd7 16. Ng5 1-0


[Site "https://www.chess.com"]

[Event "Titled Tuesday Blitz March 07 Late 2023"]
[White "Marcolino, Daniel Mattos"]
[Black "Ferriz Barrios, Andres"]
[WhiteFideId "2106841"]
[BlackFideId "5104467"]
[WhiteElo "2106"]
[BlackElo "2242"]
[Result "0-1"]
[Round "05"]
[TimeControl "180+2"]
[Date "2023.03.07"]
[WhiteClock "0:00:25"]
[BlackClock "0:02:03"]

1. d4 Nf6 2. Nf3 d5 3. g3 c6 4. Bg2 Bf5 5. c4 e6 6. Nc3 Nbd7 7. Qb3 Qb6 8. c5 Qc7 9. Bf4 Qc8 10. Nh4 Bg6 11. Nxg6 hxg6 12. Qc2 b6 13. b4 a5 14. bxa5 bxc5 15. dxc5 Rxa5 16. Bd6 Nxc5 17. Bxf8 Rxf8 18. O-O Qa6 19. e4 dxe4 20. Nxe4 Ncxe4 21. Bxe4 Nxe4 22. Qxe4 Ke7 23. Qb4+ c5 24. Qb2 f6 25. Rfb1 Rd8 26. Qc2 Kf7 27. Rb2 Qc6 28. Rab1 Ra7 29. h4 Qd5 30. Rb5 Rc7 31. a4 g5 32. hxg5 Rh8 33. g6+ Ke7 34. Kf1 Qf3 35. Ke1 Rh1+ 36. Kd2 Rd7+ 0-1


[Site "https://www.chess.com"]

[Event "Titled Tuesday Blitz March 07 Late 2023"]
[White "Von Buelow, Georg"]
[Black "Kohler, Aran"]
[WhiteFideId "4620658"]
[BlackFideId "1002856"]
[WhiteElo "2096"]
[BlackElo "2230"]
[Result "1-0"]
[Round "05"]
[TimeControl "180+2"]
[Date "2023.03.07"]
[WhiteClock "0:01:11"]
[BlackClock "0:01:08"]

1. e4 c6 2. d4 d5 3. e5 c5 4. dxc5 Nc6 5. a3 Nxe5 6. b4 a6 7. Bb2 Nc6 8. Bd3 e6 9. Nf3 Nf6 10. O-O Be7 11. Nbd2 O-O 12. c4 h6 13. Re1 Re8 14. Qc2 Bf8 15. cxd5 Nxd5 16. Nc4 Ndxb4 17. axb4 Nxb4 18. Bh7+ Kh8 19. Qb1 Bxc5 20. Nce5 Qe7 21. Bg6 Rf8 22. Bxf7 Bxf2+ 23. Kxf2 Qc5+ 24. Bd4 Qc2+ 25. Kg1 Rxf7 26. Nxf7+ Kg8 27. Qxb4 Kxf7 28. Ne5+ Kg8 29. Qe7 1-0


[Site "https://www.chess.com"]

[Event "Titled Tuesday Blitz March 07 Late 2023"]
[White "Comas Fabrego, Lluis"]
[Black "Curtis, John"]
[WhiteFideId "2200325"]
[BlackFideId "3200256"]
[WhiteElo "2523"]
[BlackElo "2203"]
[Result "0-1"]
[Round "05"]
[TimeControl "180+2"]
[Date "2023.03.07"]
[WhiteClock "0:00:49"]
[BlackClock "0:01:21"]

1. Nf3 d5 2. d4 Nf6 3. c4 e6 4. cxd5 exd5 5. Nc3 Bd6 6. Qc2 c6 7. Bg5 h6 8. Bh4 O-O 9. e3 Bg4 10. Ne5 Be6 11. Bd3 Be7 12. O-O-O Nfd7 13. Bxe7 Qxe7 14. f4 Nxe5 15. fxe5 Nd7 16. Kb1 f6 17. exf6 Nxf6 18. e4 dxe4 19. Nxe4 Nxe4 20. Bxe4 Rf4 21. g3 Rxe4 22. Rhe1 Bd5 23. Qd2 Re8 24. Rxe4 Qxe4+ 25. Ka1 Qe2 0-1


[Site "https://www.chess.com"]

[Event "Titled Tuesday Blitz March 07 Late 2023"]
[White "rikchessmx"]
[Black "Manu_ChessExcelsior"]
[WhiteElo "2181"]
[BlackElo "1975"]
[Result "0-1"]
[Round "05"]
[TimeControl "180+2"]
[Date "2023.03.07"]
[WhiteClock "0:00:01"]
[BlackClock "0:00:15"]

1. e4 c5 2. Nf3 Nc6 3. d4 cxd4 4. Nxd4 Nf6 5. Nxc6 bxc6 6. Bd3 e5 7. O-O d5 8. Nd2 Bd6 9. h3 O-O 10. Qf3 Bb7 11. b3 Bb4 12. a3 Bc3 13. Rb1 Bxd2 14. Bxd2 dxe4 15. Bxe4 Nxe4 16. Bb4 c5 17. Rfd1 Qc7 18. Be1 Rad8 19. Qf5 Nf6 20. Bc3 Rxd1+ 21. Rxd1 Re8 22. f3 Nd5 23. Bd2 c4 24. Re1 f6 25. f4 c3 26. Bc1 Qb6+ 27. Kh2 Qf2 28. Qe4 Ba8 29. Re2 Qb6 30. Qc4 Qc7 31. fxe5 Qxc4 0-1


[Site "https://www.chess.com"]

[Event "Titled Tuesday Blitz March 07 Late 2023"]
[White "Carlsen, Magnus"]
[Black "Bortnyk, Mykola"]
[WhiteFideId "1503014"]
[BlackFideId "14120836"]
[WhiteElo "2852"]
[BlackElo "2582"]
[Result "0-1"]
[Round "06"]
[TimeControl "180+2"]
[Date "2023.03.07"]
[WhiteClock "0:00:02"]
[BlackClock "0:00:16"]

1. e4 Nf6 2. e5 Nd5 3. d4 d6 4. Nf3 Nc6 5. c4 Nb6 6. exd6 exd6 7. d5 Ne5 8. Be2 Nxf3+ 9. Bxf3 Be7 10. O-O O-O 11. Qd3 g6 12. Nc3 Bf6 13. Re1 Bf5 14. Be4 Re8 15. Bh6 Bxe4 16. Rxe4 Nd7 17. Rae1 Rxe4 18. Qxe4 Bg7 19. Bxg7 Kxg7 20. g3 a6 21. Kg2 Qf6 22. Qe3 h5 23. h3 b5 24. cxb5 axb5 25. a3 Nb6 26. Re2 Nc4 27. Qd3 Ne5 28. Qe4 Ra5 29. Re3 Nc4 30. Rf3 Qe5 31. Qxe5+ Nxe5 32. Rf4 Nd3 33. Rd4 Nxb2 34. Rb4 Nd3 35. Rb3 Nc5 36. Rxb5 Rxa3 37. Ne2 Ra2 38. Kf3 Nd3 39. Ke3 Ra3 40. h4 Ne5+ 41. Ke4 f5+ 42. Kf4 Rf3+ 43. Kg5 Nf7# 0-1


[Site "https://www.chess.com"]

[Event "Titled Tuesday Blitz March 07 Late 2023"]
[White "Martinez Alcantara, Jose Eduardo"]
[Black "Fedoseev, Vladimir"]
[WhiteFideId "3805662"]
[BlackFideId "24130737"]
[WhiteElo "2712"]
[BlackElo "2752"]
[Result "1-0"]
[Round "06"]
[TimeControl "180+2"]
[Date "2023.03.07"]
[WhiteClock "0:00:11"]
[BlackClock "0:00:01"]

1. e4 c5 2. Nf3 d6 3. c3 Nf6 4. h3 Bd7 5. Bd3 Nc6 6. Qe2 g5 7. Bc4 g4 8. hxg4 Bxg4 9. d3 e6 10. Bf4 a6 11. Nbd2 Na5 12. a4 Be7 13. Ba2 b5 14. d4 cxd4 15. cxd4 Nc6 16. Qe3 Nb4 17. Bb3 Rc8 18. O-O Bh5 19. Nh2 Bg6 20. axb5 axb5 21. Bh6 Qb6 22. Rfc1 Kd7 23. Bg5 Rxc1+ 24. Rxc1 h6 25. Bxf6 Bxf6 26. Nhf3 Rc8 27. Rc3 Na6 28. Qxh6 Bxd4 29. Bxe6+ fxe6 30. Rxc8 Bxf2+ 31. Kf1 Kxc8 32. Qxg6 Nc7 33. Qf6 Be3 34. Qc3 b4 35. Qd3 Bf4 36. Nc4 Qc5 37. b3 d5 38. exd5 Nxd5 39. Nd4 Nc7 40. Qe4 Bg3 41. Ke2 e5 42. Nf5 Qf2+ 43. Kd1 Bf4 44. Nfd6+ 1-0


[Site "https://www.chess.com"]

[Event "Titled Tuesday Blitz March 07 Late 2023"]
[White "Keymer, Vincent"]
[Black "Vachier-Lagrave, Maxime"]
[WhiteFideId "12940690"]
[BlackFideId "623539"]
[WhiteElo "2651"]
[BlackElo "2740"]
[Result "1/2-1/2"]
[Round "06"]
[TimeControl "180+2"]
[Date "2023.03.07"]
[WhiteClock "0:00:13"]
[BlackClock "0:00:16"]

1. Nf3 d5 2. e3 Nf6 3. c4 e6 4. Nc3 dxc4 5. Bxc4 a6 6. a4 c5 7. O-O Be7 8. d4 O-O 9. Qe2 cxd4 10. exd4 Nc6 11. Rd1 Nb4 12. Bg5 Bd7 13. Ne5 Rc8 14. Rac1 Re8 15. h3 h6 16. Bh4 Nfd5 17. Qf3 Bxh4 18. Qxf7+ Kh7 19. Bxd5 exd5 20. Qxd7 Qxd7 21. Nxd7 Bg5 22. Rb1 Rc7 23. Ne5 Bf6 24. Ng4 Bg5 25. g3 h5 26. Nh2 Bf6 27. Nf3 Rc4 28. h4 Rd8 29. Rd2 Nc6 30. Rbd1 Rb4 31. Kg2 Kh6 32. Kf1 Rd7 33. Kg2 Rd8 34. Ne5 Nxe5 35. dxe5 Bxe5 36. Rxd5 Rxd5 37. Rxd5 Bxc3 38. bxc3 Rxa4 39. Rd6+ Kh7 40. Rb6 Rc4 41. Rxb7 Rxc3 42. Rb6 Ra3 43. f3 Ra2+ 44. Kh3 Ra3 45. Kg2 Ra2+ 46. Kh3 Ra3 47. Kg2 1/2-1/2


[Site "https://www.chess.com"]

[Event "Titled Tuesday Blitz March 07 Late 2023"]
[White "Andreikin, Dmitry"]
[Black "Kamsky, Gata"]
[WhiteFideId "4158814"]
[BlackFideId "2000024"]
[WhiteElo "2736"]
[BlackElo "2666"]
[Result "0-1"]
[Round "06"]
[TimeControl "180+2"]
[Date "2023.03.07"]
[WhiteClock "0:00:02"]
[BlackClock "0:00:18"]

1. c4 Nf6 2. Nc3 g6 3. e4 d6 4. d4 Bg7 5. h3 e5 6. d5 a5 7. Be3 Na6 8. Bd3 Nc5 9. Bc2 O-O 10. Nge2 c6 11. g4 cxd5 12. cxd5 Bd7 13. Ng3 b5 14. g5 Ne8 15. h4 b4 16. Na4 Nxa4 17. Bxa4 f6 18. Rc1 Rf7 19. Bc6 Rc8 20. Qa4 Bf8 21. Qb5 Rb8 22. Qa4 Bg4 23. Kd2 Ng7 24. Kc2 fxg5 25. hxg5 Be7 26. Kb1 Bxg5 27. Bxg5 Qxg5 28. Qxa5 Rxf2 29. Qc7 Rbf8 30. Ba4 Bf3 31. Rhg1 Bg2 32. Qxd6 Qxg3 33. Qxb4 Qf4 34. Ka1 Bxe4 35. d6 Qd2 36. Bb3+ Kh8 37. Qa3 Qd4 38. Rgd1 Bd3 39. d7 e4 40. Qe7 Qxb2# 0-1


[Site "https://www.chess.com"]

[Event "Titled Tuesday Blitz March 07 Late 2023"]
[White "Indjic, Aleksandar"]
[Black "Bortnyk, Olexandr"]
[WhiteFideId "911925"]
[BlackFideId "14120828"]
[WhiteElo "2614"]
[BlackElo "2734"]
[Result "1/2-1/2"]
[Round "06"]
[TimeControl "180+2"]
[Date "2023.03.07"]
[WhiteClock "0:00:15"]
[BlackClock "0:00:04"]

1. d4 d6 2. Nf3 Nf6 3. c4 g6 4. h3 Bg7 5. Nc3 O-O 6. g4 c5 7. d5 Nfd7 8. e4 Na6 9. Be3 Nc7 10. a4 Re8 11. Bg5 a6 12. Bd3 Rb8 13. Qd2 b5 14. axb5 axb5 15. cxb5 Ne5 16. Nxe5 Bxe5 17. f4 Bd4 18. f5 Bd7 19. h4 Nxb5 20. h5 gxf5 21. exf5 f6 22. Bf4 Kh8 23. g5 fxg5 24. Bxg5 Rf8 25. Rf1 Qe8 26. O-O-O Be5 27. Rde1 Nd4 28. Qg2 Bf6 29. Bxf6+ Rxf6 30. h6 Qf8 31. Qg7+ Qxg7 32. hxg7+ Kxg7 33. Rxe7+ Rf7 34. Rg1+ Kf6 35. Re6+ Bxe6 36. dxe6 Rfb7 37. Re1 Ra7 38. Nd5+ Kg5 39. Rg1+ Kh4 40. e7 c4 41. Be4 Ne2+ 42. Kd2 Nxg1 43. f6 Nh3 44. f7 Rxe7 45. Nxe7 Rf8 46. Bd5 Ng5 47. Nf5+ Kg4 48. Nxd6 Rd8 49. Kc3 Nxf7 50. Be6+ Kf4 51. Nxf7 Rb8 52. Bxc4 h5 53. Nd6 h4 54. Kd4 Rxb2 55. Ne4 Rb4 56. Nf2 Kg3 57. Nd3 Rb8 58. Ke3 Re8+ 59. Kd2 Rd8 60. Bb5 h3 61. Bc6 Rd6 62. Bb7 Rd7 63. Bc6 Rf7 64. Bd5 Rf5 65. Be4 Rf3 66. Ke2 Rf8 67. Ke3 Re8 68. Nf2 h2 69. Nh1+ Kh4 70. Nf2 Rf8 71. Nh1 Rf1 72. Ke2 Ra1 73. Kf2 Ra2+ 74. Kf3 Ra3+ 75. Kg2 Ra2+ 76. Kf3 Rb2 77. Nf2 Rb4 78. Kg2 Rb2 79. Kf3 Kg5 80. Kg3 Re2 81. Bh1 Rxf2 82. Kxf2 Kf6 83. Kg2 Ke7 84. Kxh2 1/2-1/2


[Site "https://www.chess.com"]